 Dungeon Crawl Stone Soup version 0.21.0-24-g2553a33 (webtiles) character file.

95 tidbits the Skirmisher (level 4, 19/41 HPs)
             Began as a Gnoll Wanderer on Jan 19, 2018.
             Quit the game on level 4 of the Dungeon.
             The game lasted 00:04:22 (466 turns).

tidbits the Skirmisher (Gnoll Wanderer)              Turns: 466, Time: 00:04:23

Health: 19/41      AC:  7    Str: 15    XL:     4   Next: 65%
Magic:  6/6        EV: 10    Int: 14    God:
Gold:   6          SH:  0    Dex: 15    Spells: 5/5 levels left

rFire    . . .     SeeInvis .   a - +2 hand axe
rCold    . . .     Gourm    .   (no shield)
rNeg     . . .     Faith    .   B - +0 scale mail
rPois    .         Spirit   .   (no helmet)
rElec    .         Reflect  .   (no cloak)
rCorr    .         Harm     .   (no gloves)
MR       .....                  (no boots)
Stlth    +.........             i - amulet of magic regeneration
HPRegen  0.13/turn              (no ring)
MPRegen  0.35/turn              (no ring)

@: no status effects
A: distributed training, fangs 1, strong nose
a: no special abilities


You were on level 4 of the Dungeon.
You were not hungry.

You visited 1 branch of the dungeon, and saw 5 of its levels.

You collected 66 gold pieces.
You spent 60 gold pieces at shops.

Inventory:

Hand Weapons
 a - a +2 hand axe (weapon)
 b - a +0 hunting sling
 o - a +0 dagger
Missiles
 f - a throwing net {!f}
 m - 5 javelins (quivered)
 n - 8 stones
Armour
 d - a +0 robe
 B - a +0 scale mail (worn)
Jewellery
 i - an amulet of magic regeneration (around neck)
   (You found it on level 1 of the Dungeon)
Scrolls
 e - a scroll of teleportation {unknown}
 g - a scroll of fear
 j - a scroll of magic mapping {unknown}
 l - a scroll of immolation
 r - a scroll of remove curse
Potions
 h - a potion of cancellation
Comestibles
 c - 4 rations


   Skills:
 + Level 6.6 Fighting
 + Level 1.2 Short Blades
 + Level 1.2 Long Blades
 + Level 4.6 Axes
 + Level 1.2 Maces & Flails
 + Level 1.2 Polearms
 + Level 1.2 Staves
 + Level 1.2 Slings
 + Level 1.2 Bows
 + Level 2.8 Crossbows
 + Level 1.2 Throwing
 + Level 4.6 Armour
 + Level 1.2 Dodging
 + Level 2.6 Stealth
 + Level 1.2 Shields
 + Level 1.2 Unarmed Combat
 + Level 1.2 Spellcasting
 + Level 1.0 Conjurations
 + Level 1.0 Hexes
 + Level 1.0 Charms
 + Level 1.0 Summonings
 + Level 1.0 Necromancy
 + Level 1.0 Translocations
 + Level 1.0 Transmutations
 + Level 1.0 Fire Magic
 + Level 1.0 Ice Magic
 + Level 1.0 Air Magic
 + Level 1.0 Earth Magic
 + Level 1.0 Poison Magic
 + Level 1.3 Invocations
 + Level 2.8 Evocations


You had 5 spell levels left.
You didn't know any spells.

Dungeon Overview and Level Annotations

Branches:
Dungeon (5/15)
 Temple: D:4-7

Altars:
Ashenzari
Hepliaklqana
Makhleb
Okawaru
Qazlal

Shops:
D:4 ?

Annotations:
D:4 tidbits's ghost, weakling GnWn


Innate Abilities, Weirdness & Mutations

Your experience applies equally to all skills.
You have very sharp teeth.
Your uncanny sense of smell can sniff out nearby items.


Message History

You swing at nothing.
You swing at nothing.
You feel sick.
You swing at nothing.
You swing at nothing.
You feel sick.
You swing at nothing.
You swing at nothing.
You swing at nothing.
You swing at nothing.
You feel sick.
You swing at nothing.
You swing at nothing.
You swing at nothing.
You swing at nothing.
You feel sick.
You swing at nothing.
You swing at nothing.
You swing at nothing.
You feel sick.
You swing at nothing.
You swing at nothing.
You swing at nothing.
You swing at nothing.
Your extra speed is starting to run out.
You swing at nothing.
You feel sick.
You are no longer poisoned.
You swing at nothing.
Your transformation is almost over.
You swing at nothing.
You swing at nothing.
You swing at nothing.
You feel yourself slow down.
You swing at nothing.
You swing at nothing.
You swing at nothing.
You feel less wooden.
Your +0 scale mail unmelds from your body.
Things that are here:
a club; an orc corpse
There is a stone staircase leading up here.
Things that are here:
a hand axe; an orc corpse Wield which item (- for none, * to show all)? (? for menu, Esc to quit)
a - a +2 hand axe (weapon)
There is a stone staircase leading down here.
You climb downwards. 3 gnolls come into view.
The gnoll shouts! x3
There is a stone staircase leading up here.
The gnoll hits you but does no damage.
You climb upwards.
There is a stone staircase leading down here.
Unknown command.
You slash the gnoll!
The gnoll is almost dead.
The gnoll barely misses you.
You hit the gnoll.
You kill the gnoll!
Your Conjurations skill increases to level 1!
Your Hexes skill increases to level 1!
Your Charms skill increases to level 1!
Your Summonings skill increases to level 1!
Your Necromancy skill increases to level 1!
Your Translocations skill increases to level 1!
Your Transmutations skill increases to level 1!
Your Fire Magic skill increases to level 1!
Your Ice Magic skill increases to level 1!
Your Air Magic skill increases to level 1!
Your Earth Magic skill increases to level 1!
Your Poison Magic skill increases to level 1!
No target in view!
No target in view!
You see here a throwing net {!f}.
f - a throwing net {!f} You open the door.
Found Raunas's Magic Scroll Emporium.
There is an open door here.
There is an entrance to Raunas's Magic Scroll Emporium here.
g - a scroll of fear;
p - a scroll of identify Thank you for shopping at Raunas's Magic Scroll Emporium!
You can access your shopping list by pressing '$'.
As you read the scroll of identify, it crumbles to dust.
k - a scroll of remove curse You open the door.
A hound comes into view.
The hound barks!
Found 13 gold pieces.
Adjust (i)tems, (s)pells, or (a)bilities?
Adjust which item? (? for menu, Esc to quit)
k - a scroll of remove curse Adjust to which letter? (? for menu, Esc to quit)
r - a scroll of remove curse You closely miss the hound.
The hound bites you. The hound bites you but does no damage.
A bullfrog skeleton comes into view.
You hit the hound but do no damage. The hound bites you but does no damage.
The hound bites you.
* * * LOW HITPOINT WARNING * * *
Tidbits's ghost (weakling Gnoll Wanderer) comes into view.
You barely miss the hound.
Tidbits's ghost turns its malevolent gaze towards you.
The hound bites you.
* * * LOW HITPOINT WARNING * * *
Okay, then.
Are you sure you want to abandon this character and quit the game? (Confirm with "yes".)

∆ . .$..###+#####
...ZW.h@'...#########
#######+#.....#.....##
#.......[......##
#...............#
#...............#
#...............#
#...........<)..#
#..........)....#
##..........>..##


You could see a hound, tidbits's ghost and a bullfrog skeleton.

Vanquished Creatures
  A worker ant (D:4)
  A gnoll (D:4)
  3 adders
  A leopard gecko (D:1)
  4 orcs (D:4)
  2 giant cockroaches (D:2)
  3 hobgoblins
  3 bats
  2 frilled lizards
  5 goblins
  3 kobolds
  2 rats (D:1)
30 creatures vanquished.

Notes
Turn   | Place    | Note
-------+----------+-------------------------------------------
     0 | D:1      | tidbits the Gnoll Wanderer began the quest for the Orb.
     0 | D:1      | tidbits set off with: a +2 hand axe, a potion of curing, a potion of lignification, a +0 robe, a ration
     0 | D:1      | Reached XP level 1. HP: 23/23 MP: 2/2
    65 | D:2      | Reached XP level 2. HP: 19/29 MP: 3/3
   197 | D:2      | Reached XP level 3. HP: 21/35 MP: 4/4
   273 | D:2      | Reached skill level 1 in Invocations
   332 | D:3      | Found a hazy altar of Hepliaklqana.
   333 | D:3      | Reached skill level 1 in Short Blades
   333 | D:3      | Reached skill level 1 in Long Blades
   333 | D:3      | Reached skill level 1 in Maces & Flails
   333 | D:3      | Reached skill level 1 in Polearms
   333 | D:3      | Reached skill level 1 in Staves
   333 | D:3      | Reached skill level 1 in Slings
   333 | D:3      | Reached skill level 1 in Bows
   333 | D:3      | Reached skill level 1 in Throwing
   333 | D:3      | Reached skill level 1 in Dodging
   333 | D:3      | Reached skill level 1 in Shields
   333 | D:3      | Reached skill level 1 in Unarmed Combat
   333 | D:3      | Reached skill level 1 in Spellcasting
   336 | D:3      | Found an iron altar of Okawaru.
   336 | D:3      | Found a stormy altar of Qazlal.
   346 | D:3      | Found a burning altar of Makhleb.
   346 | D:3      | Found a shattered altar of Ashenzari.
   381 | D:4      | Reached XP level 4. HP: 30/41 MP: 6/6
   441 | D:5      | Entered Level 5 of the Dungeon
   445 | D:4      | Reached skill level 1 in Conjurations
   445 | D:4      | Reached skill level 1 in Hexes
   445 | D:4      | Reached skill level 1 in Charms
   445 | D:4      | Reached skill level 1 in Summonings
   445 | D:4      | Reached skill level 1 in Necromancy
   445 | D:4      | Reached skill level 1 in Translocations
   445 | D:4      | Reached skill level 1 in Transmutations
   445 | D:4      | Reached skill level 1 in Fire Magic
   445 | D:4      | Reached skill level 1 in Ice Magic
   445 | D:4      | Reached skill level 1 in Air Magic
   445 | D:4      | Reached skill level 1 in Earth Magic
   445 | D:4      | Reached skill level 1 in Poison Magic
   457 | D:4      | Found Raunas's Magic Scroll Emporium.
   460 | D:4      | Bought a scroll of fear for 38 gold pieces
   460 | D:4      | Bought a scroll of identify for 22 gold pieces
   465 | D:4      | Noticed tidbits's ghost (weakling GnWn)
   466 | D:4      | Quit the game

Skill      XL: |  1  2  3  4 |
---------------+-------------+-----
Invocations    | 1 |  1.3
Short Blades   | 1 |  1.2
Long Blades    | 1 |  1.2
Maces & Flails | 1 |  1.2
Polearms       | 1 |  1.2
Staves         | 1 |  1.2
Slings         | 1 |  1.2
Bows           | 1 |  1.2
Throwing       | 1 |  1.2
Dodging        | 1 |  1.2
Shields        | 1 |  1.2
Unarmed Combat | 1 |  1.2
Spellcasting   | 1 |  1.2
Conjurations   | 1 |  1.0
Hexes          | 1 |  1.0
Charms         | 1 |  1.0
Summonings     | 1 |  1.0
Necromancy     | 1 |  1.0
Translocations | 1 |  1.0
Transmutations | 1 |  1.0
Fire Magic     | 1 |  1.0
Ice Magic      | 1 |  1.0
Air Magic      | 1 |  1.0
Earth Magic    | 1 |  1.0
Poison Magic   | 1 |  1.0
Fighting       | |  6.6
Axes           | |  4.6
Crossbows      | |  2.8
Armour         | |  4.6
Stealth        | |  2.6
Evocations     | |  2.8

Action                   |  1- 3 |  4- 6 || total
-------------------------+-------+-------++-------
Melee: Hand axe          |    74 |    23 ||    97
       Bite              |    11 |       ||    11
  Use: Potion            |     5 |       ||     5
       Scroll            |     2 |     1 ||     3
 Stab: Sleeping          |     1 |       ||     1
Armor: Robe              |     2 |       ||     2
       Scale mail        |    22 |     3 ||    25
       Skin              |     5 |    15 ||    20
Dodge: Dodged            |    44 |     5 ||    49

Table legend:
 A = Turns spent in this place as a percentage of turns spent in the entire game.
 B = Non-inter-level travel turns spent in this place as a percentage of non-inter-level travel turns spent in the entire game.
 C = Inter-level travel turns spent in this place as a percentage of turns spent in this place.
 D = Turns resting spent in this place as a percentage of non-inter-level travel turns spent in this place.
 E = Turns spent auto-exploring this place as a percentage of non-inter-level travel turns spent in this place.
 F = Non-inter-level travel turns spent in this place divided by the number of levels of this place that you've seen.
                   A       B       C       D       E      F
               +-------+-------+-------+-------+-------+----------------------
         Total | 100.0 | 100.0 |   4.5 |   0.0 |   0.0 |  89.0
       Dungeon | 100.0 | 100.0 |   4.5 |   0.0 |   0.0 |  89.0
               +-------+-------+-------+-------+-------+----------------------

Table legend:
 A = Kills in this place as a percentage of kills in entire the game.
 B = Kills by you in this place as a percentage of kills by you in the entire game.
 C = Kills by friends in this place as a percentage of kills by friends in the entire game.
 D = Other kills in this place as a percentage of other kills in the entire game.
 E = Experience gained in this place as a percentage of experience gained in the entire game.
 F = Experience gained in this place divided by the number of levels of this place that you have seen.
                   A       B       C       D       E      F
               +-------+-------+-------+-------+-------+----------------------
         Total | 100.0 | 100.0 |   N/A |   N/A | 100.0 |  27.2
       Dungeon | 100.0 | 100.0 |   N/A |   N/A | 100.0 |  27.2
               +-------+-------+-------+-------+-------+----------------------

Vault maps used:
D:1:      elethiomel_arrival_infinity_welcomes_careful_drivers, serial_forest,
          infiniplex_forest_lined_3_way, infiniplex_forest_corner_1,
          infiniplex_forest_straight_1, infiniplex_forest_clump_diagonal,
          infiniplex_forest_side_room, infiniplex_forest_diagonal,
          infiniplex_forest_end_3, minmay_tromino_v4_a
D:2:      chequers_ecumenical_altar_simple, first_ration
D:3:      minmay_overflow_temple_star_hex, minmay_statues_item
D:4:      serial_shops, nicolae_shop_behind_doors, nicolae_shop_crystal,
          nicolae_shop_overgrown_old_shop
D:5:      old_standard_altar, tgw_sif, minmay_misc_feat_roman
